 Dungeon Crawl Stone Soup version 0.24-a0-375-g4de66ed42b (webtiles) character file.

Game seed: 10657209894890933712

2849 Gargoyl the Chopper (level 9, -1/74 HPs)
             Began as a Centaur Abyssal Knight on May 31, 2019.
             Was a High Priest of Lugonu.
             Slain by an orc warrior
             ... wielding the +7 glaive "Xajyz" {drain, rC++ Dex+4}
              (13 damage)
             ... on level 7 of the Dungeon.
             The game lasted 00:11:38 (7640 turns).

Gargoyl the Chopper (Centaur Abyssal Knight)        Turns: 7640, Time: 00:11:39

Health: -1/74      AC: 12    Str: 17    XL:     9   Next: 46%
Magic:  13/13      EV:  3    Int: 11    God:    Lugonu [*****.]
Gold:   351        SH:  8    Dex: 10    Spells: 7/8 levels left

rFire    + . .     SeeInvis .   b - +3 war axe (elec)
rCold    . . .     Gourm    .   p - +0 shield
rNeg     . . .     Faith    .   i - +2 chain mail {rF+}
rPois    .         Spirit   .   j - +0 helmet
rElec    .         Reflect  .   (no cloak)
rCorr    .         Harm     .   k - +0 pair of gloves
MR       .....                  (no barding)
Stlth    ..........             (no amulet)
HPRegen  0.22/turn              (no ring)
MPRegen  0.13/turn              (no ring)

@: heavily drained, very quick
A: large, hooves 3, deformed body, speed 2, tough skin 3
a: Depart the Abyss, Bend Space, Banish, Corrupt, Enter the Abyss, Renounce
Religion


You were on level 7 of the Dungeon.
You worshipped Lugonu.
Lugonu was extremely pleased with you.
You were not hungry.

You visited 1 branch of the dungeon, and saw 7 of its levels.
You visited the Abyss 1 time.

You collected 351 gold pieces.

Inventory:

Hand Weapons
 a - a +1 hand axe
 b - a +3 war axe of electrocution (weapon)
Missiles
 q - 13 boomerangs (quivered)
Armour
 i - a +2 chain mail of fire resistance (worn)
 j - a +0 helmet (worn)
 k - a +0 pair of gloves (worn)
 p - a +0 shield (worn)
Wands
 f - a wand of disintegration (16)
 m - a wand of digging (2)
Scrolls
 d - a scroll of enchant armour {unknown}
 h - 5 scrolls of remove curse
 r - 2 scrolls of identify
Potions
 e - a potion of magic
 g - 2 potions of haste
 l - a potion of berserk rage {unknown}
 n - a potion of degeneration {unknown}
Comestibles
 c - 10 rations
 o - 3 chunks of flesh


   Skills:
 + Level 5.2(3.8) Fighting
 + Level 6.3(4.9) Axes
 * Level 5.2(3.9) Armour
 + Level 2.6(1.3) Dodging
 * Level 3.2(1.9) Shields
 + Level 1.2(0.0) Hexes
 * Level 6.0(4.6) Invocations


You had 7 spell levels left.
You knew the following spells:

 Your Spells              Type           Power        Failure   Level  Hunger
a - Confusing Touch       Hex            #.....       100%        1    ##.....

Your spell library contained the following spells:

 Spells                   Type           Power        Failure   Level  Hunger
 Sting                    Conj/Pois      #...         100%        1    ##.....
 Poisonous Vapours        Pois/Air       #.....       100%        2    ###....
 Confuse                  Hex            #.......     100%        3    ####...
 Gell's Gravitas          Tloc           #.........   100%        3    ####...
 Mephitic Cloud           Conj/Pois/Air  #.......     100%        3    ####...
 Olgreb's Toxic Radiance  Pois           #.......     100%        4    #####..
 Petrify                  Tmut/Erth      #.......     100%        4    #####..
 Metabolic Englaciation   Hex/Ice        #.........   100%        5    ######.
 Venom Bolt               Conj/Pois      #.........   100%        5    ######.
 Yara's Violent Unravell  Hex/Tmut       #.........   100%        5    ######.


Dungeon Overview and Level Annotations

Branches:
Dungeon (7/15)             Temple (0/1) D:4

Altars:
Ashenzari
Dithmenos
Elyvilon
Qazlal
Ru
Sif Muna
Trog
Zin

Shops:
D:5 **


Innate Abilities, Weirdness & Mutations

You have hooves in place of feet.
Armour fits poorly on your strangely shaped body.
You cover ground very quickly.
You have extremely tough skin. (AC +3)


Message History

Throwing (i - inventory)
q - 13 boomerangs (quivered)
Press: ? - help, Shift-Dir - straight line, f/p - orc warrior
Aim: an orc warrior, wielding the +7 glaive "Xajyz" {drain, rC++ Dex+4}, wearing a +0 chain mail and wearing the ring of Qed Umyo {*Tele Int-2 Dex+4 Slay+5} (lightly wounded)
You throw a boomerang.
The boomerang hits the orc warrior but does no damage.
The orc warrior is lightly wounded.
The orc warrior hits you from afar with the +7 glaive "Xajyz" {drain, rC++ Dex+4}!
You feel drained.
The orc warrior hits you with the +7 glaive "Xajyz" {drain, rC++ Dex+4}!!
You feel drained.
You barely miss the orc warrior. You kick the orc warrior.
The orc warrior is lightly wounded.
The orc warrior hits you with the +7 glaive "Xajyz" {drain, rC++ Dex+4}!!
* * * LOW HITPOINT WARNING * * *
You feel drained.
* * * LOW HITPOINT WARNING * * *
You closely miss the orc warrior.
The orc warrior is lightly wounded.
The orc warrior hits you with the +7 glaive "Xajyz" {drain, rC++ Dex+4}!
You die...

.....#...'..........#........#...
.....##.####..#############.###.#
####.......##'##...##...###.###.#
#.......#.............†÷......
#.......#.....................
#.......#.....................
#.......#.....................
####.......#.###o######.#########
.....#########..@.#####+###.###**
.....# #....#...#...#...#,,
.....# #....'...'...'...#,,
.....# #....#####..##...#*,
.....# #........#...#####**
.....# #####....#...# *,, .....#
#....##### *,, .....# #....# *,,
.....# #....# *,,


You could see an orc warrior.

Vanquished Creatures
  A troll (D:7)
  A wyvern (D:7)
  Menkaure (D:7)
  Duvessa (D:6)
  An orc warrior (D:7)
  A sky beast (D:6)
  Purgy (D:3)
  2 ogres (D:6)
  A centaur (D:5)
  A big kobold (D:7)
  9 bullfrogs
  Dowan (D:6)
  A howler monkey (D:4)
  2 crimson imps (D:5)
  2 bullfrog zombies
  3 jellies
  5 orc priests
  A hound (D:7)
  2 iguanas
  2 worker ants
  Natasha (thrice) (D:3)
  5 orc wizards
  A hound zombie (D:5)
  A howler monkey zombie (D:6)
  A worker ant zombie (D:5)
  Robin (D:3)
  10 adders
  A shadow imp (D:6)
  2 oozes (D:1)
  2 adder skeletons
  2 worms (D:2)
  2 dart slugs
  6 leopard geckos
  13 orcs
  5 ball pythons
  9 bats
  4 giant cockroaches
  23 goblins
  13 hobgoblins
  11 jackals
  7 kobolds
  7 quokkas
  5 frilled lizards
  2 leopard gecko zombies
  A quokka zombie (D:7)
  13 rats
189 creatures vanquished.

Notes
Turn   | Place    | Note
-------+----------+-------------------------------------------
     0 | Abyss:1  | Gargoyl the Centaur Abyssal Knight began the quest for the
                  | Orb.
     0 | Abyss:1  | Reached XP level 1. HP: 19/19 MP: 2/2
    86 | Abyss:2  | Noticed a tentacled starspawn
    87 | D:1      | Escaped the Abyss
   112 | D:1      | Reached * piety under Lugonu
   378 | D:1      | Reached XP level 2. HP: 26/26 MP: 3/3
   549 | D:1      | Reached skill level 1 in Dodging
   678 | D:1      | Reached XP level 3. HP: 27/31 MP: 4/4
  1108 | D:2      | Reached ** piety under Lugonu
  1245 | D:2      | Reached XP level 4. HP: 34/38 MP: 5/5
  1363 | D:2      | Found a bloodstained altar of Trog.
  1520 | D:2      | Found a shadowy altar of Dithmenos.
  1520 | D:2      | Found a shattered altar of Ashenzari.
  2091 | D:3      | Found a stormy altar of Qazlal.
  2331 | D:3      | Noticed Natasha
  2337 | D:3      | Killed Natasha
  2461 | D:3      | Reached XP level 5. HP: 36/45 MP: 7/7
  2549 | D:3      | Noticed Robin
  2557 | D:3      | Killed Robin
  2568 | D:3      | Reached *** piety under Lugonu
  2669 | D:3      | Noticed Natasha
  2681 | D:3      | Killed Natasha
  2716 | D:3      | Noticed Natasha
  3085 | D:3      | Noticed Purgy
  3097 | D:3      | Killed Purgy
  3097 | D:3      | Reached XP level 6. HP: 30/52 MP: 8/8
  3193 | D:3      | Killed Natasha
  3595 | D:3      | Found a stormy altar of Qazlal.
  3685 | D:4      | Learned a level 1 spell: Confusing Touch
  3747 | D:4      | Found a sacrificial altar of Ru.
  4373 | D:4      | Found a staircase to the Ecumenical Temple.
  4570 | D:4      | Found a glowing silver altar of Zin.
  4570 | D:4      | Found a deep blue altar of Sif Muna.
  4631 | D:4      | Found a white marble altar of Elyvilon.
  4660 | D:5      | Entered Level 5 of the Dungeon
  4728 | D:5      | Reached XP level 7. HP: 58/58 MP: 7/9
  4785 | D:5      | Reached **** piety under Lugonu
  4788 | D:5      | Found Keach's Assorted Antiques.
  4938 | D:5      | Found Vunyithi's General Store.
  5322 | D:6      | Reached skill level 1 in Hexes
  5421 | D:6      | Reached skill level 1 in Shields
  5803 | D:6      | Noticed Duvessa
  5804 | D:6      | Noticed Dowan
  5821 | D:6      | Killed Duvessa
  5821 | D:6      | Reached XP level 8. HP: 39/67 MP: 11/11
  5825 | D:6      | Killed Dowan
  6170 | D:7      | Found a flagged portal.
  6179 | D:7      | HP: 2/67 [orc warrior/+0 morningstar (20)]
  6203 | D:7      | Noticed Menkaure
  6209 | D:7      | Killed Menkaure
  6209 | D:7      | Reached skill level 5 in Axes
  6209 | D:7      | Reached skill level 5 in Invocations
  6409 | D:7      | Noticed a troll
  6416 | D:7      | Killed a troll
  6598 | D:6      | Reached XP level 9. HP: 57/73 MP: 13/13
  6603 | D:6      | Reached skill level 5 in Fighting
  6793 | D:6      | Reached ***** piety under Lugonu
  7111 | D:7      | Reached skill level 5 in Armour
  7633 | D:7      | Identified the +7 glaive "Xajyz" {drain, rC++ Dex+4}
  7633 | D:7      | Identified the +9 fustibalus "Arbiter" {flame, *Slow Str-5
                  | SInv Stlth+}
  7633 | D:7      | Identified the ring of Qed Umyo {*Tele Int-2 Dex+4 Slay+5}
  7640 | D:7      | Slain by an orc warrior

Levels and vault maps discovered:
D:1:      minmay_arrival_doors, layout_loops_corners
D:2:      layout_loops_cross, lemuel_doored_altar,
          gammafunk_temple_overflow_elements, first_ration,
          minmay_quadrilaterals
D:3:      layout_basic, lemuel_crystal_altar, grunt_ministairs_8,
          grunt_qazlal_clouds, uniq_natasha, uniq_purgy, uniq_robin
D:4:      layout_basic, nicolae_ru_great_annihilating_truth, kennysheep_mini,
          amethyst_overflow_temple_binary, temple_pool_b, grunt_decor_fettered,
          minmay_misc_feat_five
D:5:      layout_basic, serial_shops, nicolae_shop_crystal, shop
D:6:      layout_basic, uniq_duvessa
D:7:      minmay_the_grid_octo_2x2 [minmay_the_grid_octo_toaster,
          minmay_the_grid_octo_fan_narrow, minmay_the_grid_octo_fat_diamond,
          minmay_the_grid_octo_prize_square_snowflake], layout_gridville,
          enter_bailey_3, uniq_menkaure

Skill      XL: |  1  2  3  4  5  6  7  8  9 |
---------------+----------------------------+-----
Axes           | 2 3 4 5 6 |  6.3
Dodging        | 1 2 |  2.6
Armour         | 2 3 4 5 |  5.2
Invocations    | 3 4 5 6 |  6.0
Fighting       | 4 5 |  5.2
Hexes          | 1 |  1.2
Shields        | 1 2 3 |  3.2

Action                   |  1- 3 |  4- 6 |  7- 9 || total
-------------------------+-------+-------+-------++-------
Melee: War axe           |    82 |   149 |   186 ||   417
       Kick              |     8 |    28 |    35 ||    71
Throw: Boomerang         |       |       |     4 ||     4
Invok: Depart the Abyss  |     1 |       |       ||     1
  Use: Scroll            |     1 |     5 |     4 ||    10
       Potion            |       |     2 |     5 ||     7
 Stab: Paralysed         |       |     2 |       ||     2
       Invisible         |       |     1 |       ||     1
  Eat: Chunk             |       |    10 |     8 ||    18
Armor: Ring mail         |    45 |    96 |    74 ||   215
       Chain mail        |       |       |    16 ||    16
Dodge: Dodged            |    32 |    87 |    58 ||   177
Block: Shield            |       |    14 |    87 ||   101

Table legend:
 A = Non-vault XP
 B = Vault XP
 C = Vault XP percentage of total XP
 D = Non-vault monster count
 E = Vault monster count
 F = Vault count percentage of total count
                 A         B        C        D         E       F
            +---------+---------+-------+---------+---------+-------
      Total |    2520 |    1551 |  38.1 |     149 |      40 |  21.2
            +---------+---------+-------+---------+---------+-------
        D:1 |      59 |       0 |   0.0 |      27 |       0 |   0.0
        D:2 |      62 |      18 |  22.5 |      29 |       4 |  12.1
        D:3 |     203 |     196 |  49.1 |      29 |      14 |  32.6
        D:4 |     128 |      40 |  23.8 |      14 |       4 |  22.2
        D:5 |     316 |       0 |   0.0 |      12 |       0 |   0.0
        D:6 |    1244 |     226 |  15.4 |      24 |       2 |   7.7
        D:7 |     508 |    1071 |  67.8 |      14 |      16 |  53.3
            +---------+---------+-------+---------+---------+-------
